 Dungeon Sprint DCSS version 0.21.1-1-g345015f (webtiles) character file.

8300000 Fang the Axe Maniac (level 27, -47/273 HPs)
             Began as a Minotaur Gladiator on May 6, 2018.
             Was the Champion of Makhleb.
             Annihilated by a destroyer
             ... wielding a +9 great sword of slicing
              (57 damage)
             ... in the Dungeon (Sprint VIII: "Arena of Blood").
             The game lasted 00:01:09 (83 turns).

Fang the Axe Maniac (Minotaur Gladiator)              Turns: 83, Time: 00:01:10

Health: -47/273    AC:  6    Str: 29    XL:     27
Magic:  33/53      EV: 32    Int:  5    God:    Makhleb [******]
Gold:   0          SH:  0    Dex: 15    Spells: 80/80 levels left

rFire    . . .     SeeInvis .   l - +∞ Axe of Woe
rCold    . . .     Gourm    .   (shield currently unavailable)
rNeg     . . .     Faith    .   b - +0 leather armour
rPois    .         Spirit   .   c - +0 hat
rElec    .         Reflect  .   (no cloak)
rCorr    .         Harm     .   (no gloves)
MR       ++...     NoTele   +   (no boots)
Stlth    +++++++++.             (no amulet)
HPRegen  0.55/turn              (no ring)
MPRegen  0.33/turn              (no ring)

@: no status effects
A: retaliatory headbutt, horns 2
a: Minor Destruction, Lesser Servant of Makhleb, Major Destruction, Greater
Servant of Makhleb, Renounce Religion


You were in the Dungeon.
You worshipped Makhleb.
Makhleb was exalted by your worship.
You were not hungry.

You visited 1 branch

Inventory:

Hand Weapons
 a - a +0 war axe
 l - the +∞ Axe of Woe (weapon)
   (You found it in the Dungeon)
Missiles
 d - 3 throwing nets (quivered)
Armour
 b - a +0 leather armour (worn)
 c - a +0 hat (worn)
Scrolls
 k - a scroll of blinking
Potions
 e - a potion of curing
 g - a potion of heal wounds
 h - a potion of haste
 i - 2 potions of magic
 j - a potion of berserk rage
Comestibles
 f - a ration


   Skills:
 O Level 27 Fighting
 O Level 27 Axes
 O Level 27 Throwing
 O Level 27 Armour
 O Level 27 Dodging
 O Level 27 Stealth
 O Level 27 Unarmed Combat
 O Level 27 Spellcasting
 O Level 27 Invocations


You had 80 spell levels left.
You didn't know any spells.

Dungeon Overview and Level Annotations

Branches:
Dungeon (1/1)

Altars:
Makhleb


Innate Abilities, Weirdness & Mutations

You reflexively headbutt those who attack you in melee.
You have a pair of horns on your head.


Message History

Some corpses meld into an agglomeration of writhing flesh!
The destroyer blinks!
The accursed points at you and mumbles some strange words.
Something smites you!
* * * LOW HITPOINT WARNING * * *
An orc, a small abomination and 4 crawling corpses come into view.
You hear a shout!
The dread throws damnation at you.
The sphere of damnation explodes!
The damnation engulfs you!
* * * LOW HITPOINT WARNING * * *
The damnation engulfs the accursed.
The damnation engulfs the bag of meat.
The damnation engulfs the destroyer.
You hear a shout! x3
A bolt of negative energy appears from out of thin air!
The bolt of negative energy hits the crawling corpse.
The crawling corpse completely resists.
Deactivating autopickup; reactivate with Ctrl-A.
The bolt of negative energy misses you.
The destroyer hits you with a +9 great sword of slicing!!!
You die...

#.......#.....#.%....
........#_)<._#......
.#.......#)....#......
.O.#....)).._.%......
..........)###......
......###))...))###.
...O%zx.#)).))..# ...
....§...#.%.))%)#....
...o.x.)@xox)))%.....
#.#..oM§§VM))x......#
#W....§)§x))).....#..
#.#.%o...§.)..%..##...
.#.....#........#.....
.WoO...%........#%..##
..oo..##.#.....%.....
..o.................%
####....#.....####


You could see 2 accurseds, a destroyer, a sculptor of flesh, 2 dreads, 3 meat
berserkers, 2 small abominations, 8 bags of meat and 4 crawling corpses.

Vanquished Creatures
  3 hell beasts (D)
  10 vampire knights (D)
  30 ogres (D)
  5 two-headed ogres (D)
  4 liches (D)
  A hydra (D)
  35 orcs (D)
  4 skeletal warriors (D)
  3 large abominations (D)
  7 small abominations (D)
  6 crawling corpses (D)
108 creatures vanquished.

Vanquished Creatures (others)
  7 crawling corpses (D)
7 creatures vanquished.

Grand Total: 115 creatures vanquished

Notes
Turn   | Place    | Note
-------+----------+-------------------------------------------
     0 | D        | Found the +∞ Axe of Woe
     0 | D        | Fang the Minotaur Gladiator began the quest for the Orb.
     0 | D        | Reached XP level 1. HP: 18/18 MP: 0/0
     3 | D        | Noticed a meat berserker
     3 | D        | Noticed a meat berserker
     4 | D        | Became a worshipper of Makhleb the Destroyer
     5 | D        | Noticed a meat berserker
     5 | D        | Killed a meat berserker
     5 | D        | Reached XP level 2. HP: 47/47 MP: 1/1
     5 | D        | Reached XP level 3. HP: 53/53 MP: 2/2
     5 | D        | Reached XP level 4. HP: 61/61 MP: 3/3
     5 | D        | Reached XP level 5. HP: 68/68 MP: 4/4
     5 | D        | Reached XP level 6. HP: 75/75 MP: 5/5
     5 | D        | Reached XP level 7. HP: 82/82 MP: 6/6
     5 | D        | Reached XP level 8. HP: 90/90 MP: 7/7
     5 | D        | Reached XP level 9. HP: 96/96 MP: 8/8
     5 | D        | Reached XP level 10. HP: 104/104 MP: 9/9
     5 | D        | Reached XP level 11. HP: 111/111 MP: 10/10
     5 | D        | Reached XP level 12. HP: 118/118 MP: 11/11
     5 | D        | Reached XP level 13. HP: 125/125 MP: 12/12
     6 | D        | Killed a meat berserker
     6 | D        | Reached * piety under Makhleb
     6 | D        | Reached XP level 14. HP: 138/138 MP: 13/13
     6 | D        | Killed a meat berserker
     6 | D        | Reached skill level 27 in Axes
     6 | D        | Reached skill level 27 in Dodging
     6 | D        | Reached XP level 15. HP: 156/156 MP: 14/14
     8 | D        | Noticed a meat berserker
     8 | D        | Noticed a meat berserker
     9 | D        | Noticed a meat berserker
     9 | D        | Noticed a meat berserker
    11 | D        | Noticed a meat berserker
    12 | D        | Killed a meat berserker
    12 | D        | Reached ** piety under Makhleb
    12 | D        | Reached skill level 27 in Fighting
    12 | D        | Reached XP level 16. HP: 183/183 MP: 15/15
    13 | D        | Killed a meat berserker
    13 | D        | Killed a meat berserker
    13 | D        | Reached skill level 27 in Throwing
    13 | D        | Reached XP level 17. HP: 191/191 MP: 16/16
    14 | D        | Reached *** piety under Makhleb
    15 | D        | Reached skill level 27 in Armour
    16 | D        | Killed a meat berserker
    16 | D        | Reached XP level 18. HP: 200/200 MP: 16/30
    16 | D        | Reached **** piety under Makhleb
    16 | D        | Reached skill level 15 in Unarmed Combat
    16 | D        | Reached skill level 10 in Spellcasting
    17 | D        | Killed a meat berserker
    17 | D        | Reached skill level 15 in Stealth
    17 | D        | Reached XP level 19. HP: 207/207 MP: 16/34
    18 | D        | Reached ***** piety under Makhleb
    18 | D        | Reached skill level 15 in Spellcasting
    21 | D        | Reached XP level 20. HP: 216/216 MP: 17/39
    23 | D        | Noticed a meat berserker
    23 | D        | Noticed a large bag of meat
    24 | D        | Noticed a meat berserker
    24 | D        | Noticed a meat berserker
    24 | D        | Noticed a large bag of meat
    25 | D        | Noticed a meat berserker
    25 | D        | Noticed a meat berserker
    25 | D        | Noticed a meat berserker
    26 | D        | Noticed a meat berserker
    26 | D        | Killed a meat berserker
    26 | D        | Reached skill level 27 in Unarmed Combat
    27 | D        | Noticed a destroyer
    27 | D        | Killed a meat berserker
    27 | D        | Reached ****** piety under Makhleb
    27 | D        | Reached skill level 27 in Invocations
    27 | D        | Reached XP level 21. HP: 224/224 MP: 18/44
    28 | D        | Noticed a large bag of meat
    29 | D        | Reached skill level 27 in Stealth
    30 | D        | Noticed a destroyer
    31 | D        | Killed a large bag of meat
    31 | D        | Reached skill level 27 in Spellcasting
    31 | D        | Reached XP level 22. HP: 233/233 MP: 19/52
    32 | D        | Noticed a destroyer
    32 | D        | Killed a destroyer
    32 | D        | Reached XP level 23. HP: 240/240 MP: 19/53
    34 | D        | Noticed a destroyer
    34 | D        | Killed a destroyer
    34 | D        | Reached XP level 24. HP: 249/249 MP: 20/53
    36 | D        | Killed a large bag of meat
    37 | D        | Noticed a destroyer
    38 | D        | Killed a destroyer
    38 | D        | Reached XP level 25. HP: 257/257 MP: 21/53
    38 | D        | Killed a destroyer
    39 | D        | Noticed a large bag of meat
    39 | D        | Noticed a destroyer
    41 | D        | Killed a destroyer
    41 | D        | Reached XP level 26. HP: 209/266 MP: 21/53
    42 | D        | Noticed a destroyer
    42 | D        | Killed a large bag of meat
    45 | D        | Reached XP level 27. HP: 273/273 MP: 22/53
    47 | D        | Killed a destroyer
    48 | D        | Killed a large bag of meat
    49 | D        | Noticed a destroyer
    49 | D        | Noticed a tyrant
    55 | D        | Killed a destroyer
    55 | D        | Killed a tyrant
    56 | D        | Noticed a tyrant
    58 | D        | Noticed a tyrant
    58 | D        | Noticed a destroyer
    59 | D        | Killed a destroyer
    61 | D        | Noticed an accursed
    64 | D        | Noticed a large bag of meat
    64 | D        | Killed a destroyer
    64 | D        | Noticed a destroyer
    66 | D        | Noticed an accursed
    68 | D        | Noticed a meat beast
    69 | D        | Killed a tyrant
    70 | D        | Killed a large bag of meat
    71 | D        | Noticed a meat beast
    71 | D        | Noticed a meat beast
    71 | D        | Killed a destroyer
    72 | D        | Killed a tyrant
    73 | D        | Noticed a tyrant
    74 | D        | Killed a meat beast
    75 | D        | Killed a meat beast
    76 | D        | Noticed a dread
    76 | D        | Noticed a meat beast
    78 | D        | Noticed a meat beast
    79 | D        | Noticed a destroyer
    79 | D        | Killed a tyrant
    80 | D        | Noticed a dread
    80 | D        | Killed a meat beast
    81 | D        | HP: 9/273 [meat berserker/+9 battleaxe (28)]
    83 | D        | Annihilated by a destroyer

Skill      XL: |  1  2  3  4  5  6  7  8  9 10 11 12 13 14 15 16 17 18 19 20 21 |
---------------+----------------------------------------------------------------+-----
Fighting       | 14 16 20 27 | 27.0
Axes           | 23 26 27 | 27.0
Throwing       | 11 13 16 21 27 | 27.0
Dodging        | 21 24 27 | 27.0
Armour         | 2 4 7 22 27 | 27.0
Stealth        | 11 15 20 25 27 | 27.0
Unarmed Combat | 13 18 23 27 | 27.0
Spellcasting   | 9 12 16 20 27 | 27.0
Invocations    | 12 17 21 27 | 27.0

Action                   |  1- 3 |  4- 6 |  7- 9 | 10-12 | 13-15 | 16-18 | 19-21 | 22-24 | 25-27 || total
-------------------------+-------+-------+-------+-------+-------+-------+-------+-------+-------++-------
Melee: Executioner's axe |     1 |       |       |       |     3 |     5 |     7 |     6 |    32 ||    54
Armor: Leather armour    |       |       |       |       |       |       |       |       |     1 ||     1
Dodge: Dodged            |       |       |       |       |     1 |       |     3 |     1 |    11 ||    16
